 Dungeon Crawl Stone Soup version 0.24-a0-498-ge00f04a389 (webtiles) character file.

Game seed: 10219205410131496378

24 Peloso the Covered (level 2, 0/27 HPs)
             Began as a Minotaur Fighter on July 14, 2019.
             Slain by Terence
             ... wielding a +1 vampiric short sword
              (1 damage)
             ... on level 2 of the Dungeon.
             The game lasted 00:01:38 (617 turns).

Peloso the Covered (Minotaur Fighter)                Turns: 617, Time: 00:01:39

Health: 0/27       AC:  9    Str: 23    XL:     2   Next: 79%
Magic:  1/1        EV:  5    Int:  5    God:
Gold:   60         SH:  9    Dex:  9    Spells: 1/1 levels left

rFire    . . .     SeeInvis .   a - +0 long sword
rCold    . . .     Gourm    .   c - +0 shield
rNeg     . . .     Faith    .   e - +0 chain mail
rPois    .         Spirit   .   (helmet restricted)
rElec    .         Reflect  .   (no cloak)
rCorr    .         Harm     .   (no gloves)
MR       .....                  (no boots)
Stlth    ..........             (no amulet)
HPRegen  0.09/turn              g - +3 ring of strength
MPRegen  0.07/turn              (no ring)

@: no status effects
A: retaliatory headbutt, horns 2
a: no special abilities


You were on level 2 of the Dungeon.
You were not hungry.

You visited 1 branch of the dungeon, and saw 2 of its levels.

You collected 60 gold pieces.

Inventory:

Hand Weapons
 a - a +0 long sword (weapon)
Armour
 b - a +0 scale mail
 c - a +0 shield (worn)
 e - a +0 chain mail (worn)
Jewellery
 g - a +3 ring of strength (left hand)
Scrolls
 i - 2 scrolls of blinking {unknown}
 j - a scroll of fog {unknown}
 k - 3 scrolls of remove curse {unknown}
 l - a scroll of teleportation {unknown}
Potions
 d - 2 potions of might
 h - a potion of degeneration {unknown}
 m - a potion of haste {unknown}
Comestibles
 f - 5 rations


   Skills:
 + Level 3.9 Fighting
 + Level 2.7 Long Blades
 + Level 4.3 Armour
 + Level 3.8 Shields


You had one spell level left.
You didn't know any spells.
Your spell library was empty.

Dungeon Overview and Level Annotations

Branches:
Dungeon (2/15)

Altars:
Xom

Annotations:
D:2 Terence


Innate Abilities, Weirdness & Mutations

You reflexively headbutt those who attack you in melee.
You have a pair of horns on your head.


Message History

Your chain mail prevents you from hitting Terence.
You headbutt Terence.
Terence is moderately wounded.
Terence hits you with a +1 vampiric short sword.
Terence draws strength from your wounds!
You block the rat's attack.
You hit Terence but do no damage. You headbutt Terence, but do no damage.
Terence is moderately wounded.
Terence hits you but does no damage. The rat bites you but does no damage.
You barely miss Terence. You headbutt Terence.
Terence is heavily wounded.
Terence zaps a wand.
The puff of flame hits you! The rat bites you but does no damage.
Terence zaps a wand.
The puff of flame hits you!
* * * LOW HITPOINT WARNING * * *
You barely miss Terence.
Terence is heavily wounded.
The rat bites you but does no damage.
Terence hits you with a +1 vampiric short sword.
You die...

##### ....# ...# #..# # ...
#..####### ####
#...###r@....... #...
#...>...@# #######.##
#..##.##.# #........)
#..##.##.# #...##.... #
#..##.##.#######.#.##..[.
#.##...................#....
####....#(..†.....###.#.#......
.........####.#................
########.# #.#...##..#.#.#....
#.# #.####........##...


You could see Terence and a rat.

Vanquished Creatures
  A worm (D:2)
  2 giant cockroaches
  4 goblins
  2 hobgoblins
  2 kobolds
  3 bats
  A frilled lizard (D:1)
  6 rats
21 creatures vanquished.

Notes
Turn   | Place    | Note
-------+----------+-------------------------------------------
     0 | D:1      | Peloso the Minotaur Fighter began the quest for the Orb.
     0 | D:1      | Reached XP level 1. HP: 19/19 MP: 0/0
   209 | D:1      | Reached skill level 4 in Armour
   293 | D:1      | Reached XP level 2. HP: 27/27 MP: 1/1
   563 | D:2      | Found a shimmering altar of Xom.
   564 | D:2      | Found a shimmering altar of Xom.
   565 | D:2      | Found a shimmering altar of Xom.
   565 | D:2      | Found a shimmering altar of Xom.
   608 | D:2      | Noticed Terence
   616 | D:2      | HP: 1/27 [Terence/puff of flame (8)]
   617 | D:2      | Slain by Terence

Levels and vault maps discovered:
D:1:      dpeg_arrival_stonehenge_8_columns, layout_basic
D:2:      layout_loops_ring, serial_glass, glass_columns_c, glass_columns_a,
          xom_redecorated, uniq_terence

Skill      XL: |  1 |
---------------+----+-----
Armour         | 4 |  4.3
Fighting       | |  3.9
Long Blades    | |  2.7
Shields        | |  3.8

Action                   || total
-------------------------++-------
Melee: Long sword        ||    54
       Headbutt          ||     9
Armor: Chain mail        ||    27
       Scale mail        ||     3
Dodge: Dodged            ||     9
Block: Shield            ||    25
       Rpst.: Long sword ||     3

Table legend:
 A = Non-vault XP
 B = Vault XP
 C = Vault XP percentage of total XP
 D = Non-vault monster count
 E = Vault monster count
 F = Vault count percentage of total count
                 A         B        C        D         E       F
            +---------+---------+-------+---------+---------+-------
      Total |      35 |       0 |   0.0 |      21 |       0 |   0.0
            +---------+---------+-------+---------+---------+-------
        D:1 |      14 |       0 |   0.0 |      10 |       0 |   0.0
        D:2 |      21 |       0 |   0.0 |      11 |       0 |   0.0
            +---------+---------+-------+---------+---------+-------
